[Event "FICS rated blitz game"]
[Site "FICS freechess.org"]
[FICSGamesDBGameNo "20002410"]
[White "pixelhead"]
[Black "DutchDisaster"]
[WhiteElo "1409"]
[BlackElo "1167"]
[WhiteRD "na"]
[BlackRD "na"]
[TimeControl "300+12"]
[Date "1999.10.08"]
[Time "15:02:00"]
[WhiteClock "0:05:00.000"]
[BlackClock "0:05:00.000"]
[ECO "A80"]
[PlyCount "45"]
[Result "1-0"]

1. d4 f5 2. f4 Nf6 3. Nf3 d5 4. e3 e6 5. Bd3 Ne4 6. Nbd2 Nc6 7. c3 Be7 8. O-O O-O 9. Ne5 Rf6 10. g4 Nxe5 11. fxe5 Rg6 12. h3 Bh4 13. Nxe4 fxg4 14. Nf2 gxh3+ 15. Bxg6 Qg5+ 16. Ng4 hxg6 17. e4 h2+ 18. Kxh2 Qh5 19. Qf3 Bg5+ 20. Kg2 Bd7 21. Bxg5 Qxg5 22. Qf7+ Kh8 23. Rh1+ {Black resigns} 1-0

[Event "FICS rated blitz game"]
[Site "FICS freechess.org"]
[FICSGamesDBGameNo "20002409"]
[White "yoni"]
[Black "Cymro"]
[WhiteElo "1719"]
[BlackElo "1705"]
[WhiteRD "na"]
[BlackRD "na"]
[TimeControl "180+0"]
[Date "1999.10.08"]
[Time "14:49:00"]
[WhiteClock "0:03:00.000"]
[BlackClock "0:03:00.000"]
[ECO "C20"]
[PlyCount "50"]
[Result "0-1"]

1. e4 e5 2. Qh5 Nc6 3. Bc4 g6 4. Qf3 Nf6 5. d3 Nd4 6. Qd1 Bg7 7. Nf3 Nxf3+ 8. Qxf3 d6 9. Bg5 O-O 10. h3 c6 11. Nc3 h6 12. Bh4 b5 13. Bb3 a5 14. a3 a4 15. Ba2 g5 16. Bg3 Qa5 17. O-O-O b4 18. axb4 Qxb4 19. Rd2 a3 20. Nd5 axb2+ 21. Kb1 cxd5 22. exd5 Bb7 23. Qe3 Rxa2 24. Kxa2 Ra8+ 25. Kb1 Ra1# {White checkmated} 0-1

[Event "FICS rated blitz game"]
[Site "FICS freechess.org"]
[FICSGamesDBGameNo "20002408"]
[White "RLBS"]
[Black "chauncy"]
[WhiteElo "1706"]
[BlackElo "1739"]
[WhiteRD "na"]
[BlackRD "na"]
[TimeControl "180+0"]
[Date "1999.10.08"]
[Time "14:08:00"]
[WhiteClock "0:03:00.000"]
[BlackClock "0:03:00.000"]
[ECO "A54"]
[PlyCount "57"]
[Result "1-0"]

1. Nf3 Nf6 2. c4 d6 3. Nc3 e5 4. d4 e4 5. Ng1 Bf5 6. Bg5 h6 7. Bh4 Be7 8. e3 Nbd7 9. Nge2 O-O 10. Rc1 c5 11. Bxf6 Nxf6 12. g3 cxd4 13. Nxd4 Bg6 14. Bg2 d5 15. cxd5 Nxd5 16. O-O Kh8 17. Nxe4 f5 18. Nc3 Nxc3 19. Rxc3 Bf6 20. Rb3 Rc8 21. Rxb7 Qa5 22. a3 Rfd8 23. Qb3 Bxd4 24. exd4 Rxd4 25. Qe6 Rg8 26. Qxg6 Rd2 27. b4 Qxa3 28. Qxf5 Qd3 29. Be4 {Black forfeits on time} 1-0

[Event "FICS rated blitz game"]
[Site "FICS freechess.org"]
[FICSGamesDBGameNo "20002407"]
[White "sts"]
[Black "oleborido"]
[WhiteElo "1643"]
[BlackElo "1631"]
[WhiteRD "na"]
[BlackRD "na"]
[TimeControl "180+0"]
[Date "1999.10.08"]
[Time "13:42:00"]
[WhiteClock "0:03:00.000"]
[BlackClock "0:03:00.000"]
[ECO "A16"]
[PlyCount "100"]
[Result "1/2-1/2"]

1. c4 Nf6 2. Nc3 g6 3. e4 Bg7 4. e5 Ng8 5. d4 d6 6. Nf3 Bg4 7. h3 Bc8 8. Be2 dxe5 9. dxe5 Qxd1+ 10. Bxd1 Nc6 11. Ba4 Bd7 12. Nd5 O-O-O 13. Bxc6 Bxc6 14. Nb4 Bxf3 15. gxf3 Bxe5 16. Bg5 f6 17. Be3 Bxb2 18. Rb1 Bc3+ 19. Ke2 Bxb4 20. Rxb4 b6 21. c5 e5 22. cxb6 axb6 23. Rc1 Kb7 24. a4 Ka6 25. Rxc7 Rb8 26. Rc6 Ka5 27. Rcxb6 Rxb6 28. Rxb6 Ne7 29. Rxf6 Nf5 30. Re6 Kxa4 31. Rxe5 Rb8 32. Kf1 Rb7 33. Kg2 Kb3 34. Re6 Kc2 35. Rc6+ Kd3 36. Rb6 Re7 37. Rb3+ Kc4 38. Rb1 Nxe3+ 39. fxe3 Rxe3 40. Rc1+ Rc3 41. Rxc3+ Kxc3 42. Kg3 Kd4 43. Kg4 Ke5 44. Kg5 Ke6 45. Kh6 Kf6 46. Kxh7 g5 47. Kh6 Kf5 48. Kh5 Kf4 49. h4 gxh4 50. Kxh4 Kxf3 {Neither player has mating material} 1/2-1/2

[Event "FICS rated blitz game"]
[Site "FICS freechess.org"]
[FICSGamesDBGameNo "20002406"]
[White "Orestis"]
[Black "pabela"]
[WhiteElo "1608"]
[BlackElo "1656"]
[WhiteRD "na"]
[BlackRD "na"]
[TimeControl "120+12"]
[Date "1999.10.08"]
[Time "12:33:00"]
[WhiteClock "0:02:00.000"]
[BlackClock "0:02:00.000"]
[ECO "A04"]
[PlyCount "82"]
[Result "1/2-1/2"]

1. Nf3 f5 2. d3 d5 3. Nbd2 Nf6 4. g3 e6 5. Bg2 Bd6 6. O-O O-O 7. Re1 f4 8. c3 e5 9. Nb3 h6 10. Qc2 Nc6 11. e4 fxe3 12. Bxe3 Bg4 13. Bc5 Qe7 14. Bxd6 Qxd6 15. Qe2 Rae8 16. h3 Bh5 17. g4 Bf7 18. Qd2 Be6 19. Re2 Nxg4 20. hxg4 Bxg4 21. Re3 Qg6 22. Kf1 Qh5 23. Ng1 Rf7 24. Nh3 Ref8 25. Rae1 Bxh3 26. Rxh3 Rxf2+ 27. Qxf2 Rxf2+ 28. Kxf2 Qf5+ 29. Kg1 g5 30. Bxd5+ Kg7 31. Rg3 h5 32. Be4 Qf4 33. Rg2 g4 34. Rf1 Qg5 35. Rf5 Qh4 36. Nc5 Qe1+ 37. Kh2 Qh4+ 38. Kg1 Qe1+ 39. Kh2 Qh4+ 40. Kg1 Qe1+ 41. Kh2 Qh4+ {Game drawn by repetition} 1/2-1/2

[Event "FICS rated blitz game"]
[Site "FICS freechess.org"]
[FICSGamesDBGameNo "20002405"]
[White "TomKo"]
[Black "Cocoliso"]
[WhiteElo "1790"]
[BlackElo "1769"]
[WhiteRD "na"]
[BlackRD "na"]
[TimeControl "180+0"]
[Date "1999.10.08"]
[Time "12:04:00"]
[WhiteClock "0:03:00.000"]
[BlackClock "0:03:00.000"]
[ECO "C88"]
[PlyCount "117"]
[Result "1/2-1/2"]

1. e4 e5 2. Nf3 Nc6 3. Bb5 a6 4. Ba4 Nf6 5. O-O b5 6. Bb3 Be7 7. Re1 d6 8. d4 exd4 9. Nxd4 Bd7 10. Bg5 O-O 11. Nc3 Ne5 12. f4 Ng6 13. f5 Ne5 14. Nf3 Ne8 15. Nxe5 dxe5 16. Bxe7 Qxe7 17. Qf3 c5 18. Nd5 Qg5 19. c4 Nf6 20. Ne7+ Kh8 21. Rad1 Rfe8 22. Nd5 Nxd5 23. Rxd5 Qe7 24. Red1 Bc6 25. Rd6 Qb7 26. Re1 Rad8 27. Rxd8 Rxd8 28. cxb5 axb5 29. Bc2 Rd4 30. Qc3 c4 31. Qb4 Kg8 32. Qa5 f6 33. b3 Rd2 34. Bb1 cxb3 35. axb3 Bxe4 36. Ba2 Bd5 37. Qb4 Rxa2 38. Rc1 h6 39. Qc3 Rxg2+ 40. Kf1 Rxh2 41. Qc8+ Qxc8 42. Rxc8+ Kh7 43. b4 Be4 44. Rc5 Bxf5 45. Rxb5 Bd3+ 46. Kg1 Bxb5 47. Kxh2 e4 48. Kg3 e3 49. Kf3 e2 50. Kf2 h5 51. Ke1 h4 52. Kf2 h3 53. Ke1 h2 54. Kd2 h1=Q 55. Ke3 Qb1 56. Kd4 Qxb4+ 57. Ke3 Qc3+ 58. Kf2 Qd4+ 59. Ke1 {Black ran out of time and White has no material to mate} 1/2-1/2

[Event "FICS rated lightning game"]
[Site "FICS freechess.org"]
[FICSGamesDBGameNo "20002404"]
[White "torchveteran"]
[Black "zao"]
[WhiteElo "1390"]
[BlackElo "1560"]
[WhiteRD "na"]
[BlackRD "na"]
[TimeControl "60+0"]
[Date "1999.10.08"]
[Time "11:13:00"]
[WhiteClock "0:01:00.000"]
[BlackClock "0:01:00.000"]
[ECO "B90"]
[PlyCount "86"]
[Result "1/2-1/2"]

1. e4 c5 2. d4 d6 3. Nf3 cxd4 4. Nxd4 Nf6 5. Nc3 a6 6. Be3 Ng4 7. Be2 Nxe3 8. fxe3 Nc6 9. Nxc6 bxc6 10. e5 dxe5 11. Qxd8+ Kxd8 12. O-O-O+ Kc7 13. Ne4 e6 14. Rd2 Bb4 15. Rd3 Bb7 16. Rhd1 Rhd8 17. a3 Rxd3 18. Rxd3 Ba5 19. Nc5 Rd8 20. Nxb7 Rxd3 21. Bxd3 Kxb7 22. Bxh7 g6 23. Bg8 f6 24. Bxe6 Bb6 25. h3 Bxe3+ 26. Kd1 c5 27. c3 Kc6 28. b4 cxb4 29. cxb4 g5 30. Ke2 Bf4 31. g3 Bxg3 32. Kf3 Bf4 33. Ke2 Bc1 34. Kd3 Bxa3 35. b5+ axb5 36. Bd7+ Kxd7 37. Kc3 Ke6 38. Kb3 g4 39. Kxa3 gxh3 40. Kb4 f5 41. Kxb5 e4 42. Kb6 Ke5 43. Kc7 e3 {Game drawn because both players ran out of time} 1/2-1/2

[Event "FICS rated blitz game"]
[Site "FICS freechess.org"]
[FICSGamesDBGameNo "20002403"]
[White "krell"]
[Black "MILANN"]
[WhiteElo "1655"]
[BlackElo "1652"]
[WhiteRD "na"]
[BlackRD "na"]
[TimeControl "180+0"]
[Date "1999.10.08"]
[Time "11:01:00"]
[WhiteClock "0:03:00.000"]
[BlackClock "0:03:00.000"]
[ECO "A00"]
[PlyCount "43"]
[Result "1-0"]

1. d3 d5 2. g3 e5 3. Bg2 c6 4. Nf3 Bd6 5. O-O f5 6. e4 dxe4 7. dxe4 f4 8. gxf4 exf4 9. e5 Be7 10. Qxd8+ Bxd8 11. Bxf4 Bf5 12. c3 Bc7 13. Nbd2 Nd7 14. Rfe1 O-O-O 15. Ng5 Nh6 16. Nc4 Nb6 17. Nd6+ Bxd6 18. exd6 Nc4 19. Re7 Rhg8 20. Rd1 Rd7 21. Rxd7 Kxd7 22. Ne4 {Black forfeits on time} 1-0

[Event "FICS rated lightning game"]
[Site "FICS freechess.org"]
[FICSGamesDBGameNo "20002402"]
[White "Warsteiner"]
[Black "Tomboy"]
[WhiteElo "1778"]
[BlackElo "1974"]
[WhiteRD "na"]
[BlackRD "na"]
[TimeControl "120+0"]
[Date "1999.10.08"]
[Time "10:43:00"]
[WhiteClock "0:02:00.000"]
[BlackClock "0:02:00.000"]
[ECO "A31"]
[PlyCount "73"]
[Result "1/2-1/2"]

1. d4 Nf6 2. c4 c5 3. Nf3 cxd4 4. Nxd4 e5 5. Nb3 d5 6. cxd5 Nxd5 7. e4 Nb4 8. Qxd8+ Kxd8 9. Na3 N8c6 10. Be2 Be6 11. O-O a6 12. Be3 Kc7 13. Rac1 Be7 14. Nc5 Nxa2 15. Nxe6+ fxe6 16. Ra1 Nab4 17. Rfd1 Rhd8 18. f3 Nd4 19. Bxd4 exd4 20. Rac1+ Nc6 21. e5 Bxa3 22. bxa3 Rd5 23. f4 Rf8 24. g3 g5 25. Bf3 Ra5 26. Bxc6 bxc6 27. Rxd4 gxf4 28. gxf4 Rxa3 29. Rd6 Rg8+ 30. Kf2 Ra2+ 31. Kf3 Ra3+ 32. Kf2 Ra2+ 33. Ke3 Ra3+ 34. Kd4 Ra4+ 35. Kc5 Ra5+ 36. Kd4 Ra4+ 37. Kd3 {Game drawn by mutual agreement} 1/2-1/2

[Event "FICS rated lightning game"]
[Site "FICS freechess.org"]
[FICSGamesDBGameNo "20002401"]
[White "Stoboy"]
[Black "Tanuki"]
[WhiteElo "2043"]
[BlackElo "2007"]
[WhiteRD "na"]
[BlackRD "na"]
[TimeControl "60+0"]
[Date "1999.10.08"]
[Time "10:26:00"]
[WhiteClock "0:01:00.000"]
[BlackClock "0:01:00.000"]
[ECO "C01"]
[PlyCount "65"]
[Result "1-0"]

1. e4 e6 2. d4 d5 3. exd5 exd5 4. c4 Nf6 5. Nf3 c6 6. c5 Be7 7. Be2 O-O 8. O-O Bg4 9. b4 Nbd7 10. a4 Re8 11. b5 Nf8 12. Nc3 Ne6 13. bxc6 bxc6 14. Ba6 Ne4 15. Ne2 Bxf3 16. gxf3 N4g5 17. Bb7 Nxf3+ 18. Kh1 Bh4 19. Bxa8 Qc7 20. Ng3 Rxa8 21. Qxf3 Bf6 22. Bb2 Bxd4 23. Bxd4 Nxd4 24. Qd3 Ne6 25. Qe3 g6 26. Rae1 h5 27. Ne2 Rb8 28. Nd4 Nxd4 29. Qxd4 Rb3 30. Re3 Rb2 31. Qxb2 d4 32. Qxd4 h4 33. Re8+ {Black resigns} 1-0

[Event "FICS rated blitz game"]
[Site "FICS freechess.org"]
[FICSGamesDBGameNo "20002400"]
[White "simpson"]
[Black "Milei"]
[WhiteElo "1734"]
[BlackElo "1748"]
[WhiteRD "na"]
[BlackRD "na"]
[TimeControl "240+0"]
[Date "1999.10.08"]
[Time "10:10:00"]
[WhiteClock "0:04:00.000"]
[BlackClock "0:04:00.000"]
[ECO "C37"]
[PlyCount "88"]
[Result "0-1"]

1. e4 e5 2. f4 exf4 3. Nf3 g5 4. Bc4 d6 5. h4 g4 6. Ng5 Nh6 7. d4 Qf6 8. O-O Be6 9. Rxf4 Qe7 10. Nxe6 fxe6 11. Nc3 Bg7 12. e5 d5 13. Bb5+ c6 14. Bd3 Qxh4 15. Be3 Nd7 16. a4 O-O-O 17. Qe1 Qxe1+ 18. Rxe1 Rdf8 19. Ref1 Rxf4 20. Bxf4 Kd8 21. b4 Ke8 22. b5 Nf8 23. bxc6 bxc6 24. Ba6 Ng6 25. Bd2 Ke7 26. Bb7 Kd7 27. a5 Kc7 28. a6 Rf8 29. Rb1 Nf5 30. Ne2 Bh6 31. Ba5+ Kd7 32. c3 Be3+ 33. Kf1 Nxd4+ 34. Ke1 Nc2+ 35. Kd1 Na3 36. Rb3 Nc4 37. Bb4 Rf1+ 38. Kc2 Rc1+ 39. Kd3 Rd1+ 40. Kc2 Rd2+ 41. Kb1 Rxe2 42. Rb2 Re1+ 43. Kc2 Rc1+ 44. Kd3 Nf4# {White checkmated} 0-1

[Event "FICS rated standard game"]
[Site "FICS freechess.org"]
[FICSGamesDBGameNo "20002399"]
[White "juh"]
[Black "twinkle"]
[WhiteElo "1851"]
[BlackElo "1865"]
[WhiteRD "na"]
[BlackRD "na"]
[TimeControl "120+20"]
[Date "1999.10.08"]
[Time "09:42:00"]
[WhiteClock "0:02:00.000"]
[BlackClock "0:02:00.000"]
[ECO "B21"]
[PlyCount "36"]
[Result "0-1"]

1. e4 c5 2. f4 d6 3. Bb5+ Bd7 4. Bxd7+ Qxd7 5. Nf3 Nc6 6. Nc3 Nf6 7. d3 g6 8. O-O Bg7 9. Ng5 O-O 10. f5 Nd4 11. fxg6 fxg6 12. Be3 Ng4 13. Qd2 Nxe3 14. Qxe3 Nxc2 15. Qd2 Bd4+ 16. Kh1 Nxa1 17. Rxa1 Rf2 18. Qe1 Qg4 {White resigns} 0-1

[Event "FICS rated lightning game"]
[Site "FICS freechess.org"]
[FICSGamesDBGameNo "20002398"]
[White "Vincia"]
[Black "fastest"]
[WhiteElo "1827"]
[BlackElo "1860"]
[WhiteRD "na"]
[BlackRD "na"]
[TimeControl "60+0"]
[Date "1999.10.08"]
[Time "09:27:00"]
[WhiteClock "0:01:00.000"]
[BlackClock "0:01:00.000"]
[ECO "C21"]
[PlyCount "112"]
[Result "0-1"]

1. e4 d6 2. d4 e5 3. dxe5 dxe5 4. Qxd8+ Kxd8 5. Nf3 f6 6. Nc3 Bb4 7. Bd2 Ne7 8. O-O-O c6 9. Bc4 Kc7 10. Rhe1 Bg4 11. h3 Bh5 12. g4 Bg6 13. Be3 Rf8 14. Nd2 Bf7 15. Bxf7 Rxf7 16. Ncb1 Nd7 17. c3 Ba5 18. Nc4 Bb6 19. Bxb6+ Nxb6 20. a3 Nxc4 21. Rd3 Rd8 22. Red1 Rxd3 23. Rxd3 Nc8 24. Nd2 Nxd2 25. Kxd2 Rd7 26. Ke3 Rxd3+ 27. Kxd3 Nd6 28. b3 Kb6 29. f3 a5 30. c4 Kc7 31. b4 axb4 32. axb4 b5 33. c5 Nc4 34. Kc3 Kd7 35. h4 Ke6 36. f4 exf4 37. Kd3 f3 38. g5 Ne5+ 39. Ke3 fxg5 40. hxg5 h6 41. gxh6 gxh6 42. Kf4 h5 43. Kg3 Kf6 44. Kf2 Kg5 45. Kg3 h4+ 46. Kf2 Kf4 47. Kg1 h3 48. Kh1 Kg3 49. Kg1 f2+ 50. Kf1 Nf3 51. Ke2 Nh2 52. Ke3 f1=Q 53. Kd4 Qf3 54. Ke5 Qf4+ 55. Ke6 Nf3 56. Kd7 Qxe4 {White forfeits on time} 0-1

[Event "FICS rated blitz game"]
[Site "FICS freechess.org"]
[FICSGamesDBGameNo "20002397"]
[White "psychotic"]
[Black "marck"]
[WhiteElo "1505"]
[BlackElo "1517"]
[WhiteRD "na"]
[BlackRD "na"]
[TimeControl "120+12"]
[Date "1999.10.08"]
[Time "08:56:00"]
[WhiteClock "0:02:00.000"]
[BlackClock "0:02:00.000"]
[ECO "B51"]
[PlyCount "71"]
[Result "0-1"]

1. e4 c5 2. Nf3 d6 3. Bb5+ Nc6 4. O-O a6 5. Bxc6+ bxc6 6. c4 Nf6 7. d3 g6 8. Bg5 Bg7 9. Nbd2 O-O 10. Rb1 Bg4 11. h3 Be6 12. Re1 d5 13. exd5 cxd5 14. b3 Qc7 15. Qe2 Rfe8 16. Nf1 d4 17. Bxf6 Bxf6 18. Ng3 Bg7 19. Ne4 Bd7 20. a3 f5 21. Neg5 e5 22. Nh4 Bf6 23. Ngf3 e4 24. dxe4 fxe4 25. Nh2 Bxh4 26. g3 Bf6 27. Ng4 Bg7 28. b4 d3 29. Qe3 Bxg4 30. hxg4 cxb4 31. axb4 Qxc4 32. Rbc1 Qxb4 33. Rb1 Qc4 34. Rbc1 Qd5 35. Rc5 Qd6 36. Rd1 {White resigns} 0-1

[Event "FICS rated blitz game"]
[Site "FICS freechess.org"]
[FICSGamesDBGameNo "20002396"]
[White "joa"]
[Black "VrtA"]
[WhiteElo "1695"]
[BlackElo "1644"]
[WhiteRD "na"]
[BlackRD "na"]
[TimeControl "180+0"]
[Date "1999.10.08"]
[Time "05:23:00"]
[WhiteClock "0:03:00.000"]
[BlackClock "0:03:00.000"]
[ECO "C55"]
[PlyCount "115"]
[Result "1-0"]

1. e4 e5 2. Nf3 Nc6 3. Bc4 Nf6 4. O-O d6 5. h3 Be7 6. d4 exd4 7. Nxd4 Nxd4 8. Qxd4 O-O 9. Nc3 Be6 10. Nd5 Nxd5 11. exd5 Bf6 12. Qe4 Bd7 13. Bd3 g6 14. Bh6 Re8 15. Qb4 Rb8 16. Rfe1 Bg7 17. Bxg7 Rxe1+ 18. Rxe1 Kxg7 19. Qd4+ Qf6 20. Qxa7 Re8 21. Rxe8 Bxe8 22. Qxb7 h5 23. Qc8 Qe7 24. b3 Qe1+ 25. Kh2 Qe5+ 26. g3 Qe1 27. Kg2 Qe7 28. a4 f5 29. a5 g5 30. a6 g4 31. Qxf5 gxh3+ 32. Qxh3 Qg5 33. Qe6 Bf7 34. Qe4 Bxd5 35. a7 Bxe4+ 36. Bxe4 Qd8 37. a8=Q Qxa8 38. Bxa8 Kf6 39. Bc6 Ke5 40. c4 Kd4 41. Ba4 Ke5 42. Kh3 Kf5 43. Kh4 Kg6 44. f3 c5 45. f4 Kh6 46. Be8 Kg7 47. Bxh5 Kf6 48. g4 Kg7 49. g5 d5 50. cxd5 c4 51. bxc4 Kh8 52. d6 Kg7 53. d7 Kf8 54. d8=Q+ Kg7 55. Qe7+ Kh8 56. Bg6 Kg8 57. Qf7+ Kh8 58. Qf8# {Black checkmated} 1-0

[Event "FICS rated blitz game"]
[Site "FICS freechess.org"]
[FICSGamesDBGameNo "20002395"]
[White "smok"]
[Black "andreasw"]
[WhiteElo "1634"]
[BlackElo "1739"]
[WhiteRD "na"]
[BlackRD "na"]
[TimeControl "180+0"]
[Date "1999.10.08"]
[Time "05:20:00"]
[WhiteClock "0:03:00.000"]
[BlackClock "0:03:00.000"]
[ECO "E27"]
[PlyCount "52"]
[Result "0-1"]

1. d4 Nf6 2. c4 e6 3. Nc3 Bb4 4. a3 Bxc3+ 5. bxc3 O-O 6. f3 c5 7. e4 Qc7 8. Bd3 b6 9. Ne2 Ba6 10. O-O cxd4 11. e5 Qxe5 12. cxd4 Qc7 13. Qc2 h6 14. Bf4 d6 15. Ng3 Nc6 16. Ne4 Nxe4 17. Bxe4 Rac8 18. Rac1 Nxd4 19. Qb2 e5 20. Bxh6 gxh6 21. f4 Bxc4 22. Rc3 Qc5 23. Rg3+ Kh8 24. fxe5 Ne2+ 25. Kh1 Nxg3+ 26. hxg3 Qxe5 {White resigns} 0-1

[Event "FICS rated blitz game"]
[Site "FICS freechess.org"]
[FICSGamesDBGameNo "20002394"]
[White "otgonp"]
[Black "EmF"]
[WhiteElo "1921"]
[BlackElo "1759"]
[WhiteRD "na"]
[BlackRD "na"]
[TimeControl "120+12"]
[Date "1999.10.08"]
[Time "03:25:00"]
[WhiteClock "0:02:00.000"]
[BlackClock "0:02:00.000"]
[ECO "C42"]
[PlyCount "101"]
[Result "0-1"]

1. e4 e5 2. Nf3 Nf6 3. Nxe5 d6 4. Nf3 Nxe4 5. d4 d5 6. Bd3 Nc6 7. O-O Be7 8. c4 Nb4 9. Nc3 Nxd3 10. Qxd3 Nf6 11. cxd5 Nxd5 12. Re1 Be6 13. Nxd5 Qxd5 14. Re5 Qd7 15. d5 Bf6 16. Re3 O-O-O 17. Qa3 Qxd5 18. Qxa7 b6 19. h3 Qb7 20. Qxb7+ Kxb7 21. a4 Rd1+ 22. Kh2 Bd5 23. a5 bxa5 24. Ne5 Bg5 25. Rd3 Rxd3 26. Nxd3 Bxc1 27. Nxc1 Kb6 28. Ne2 Re8 29. Nc3 Bc6 30. f4 Rd8 31. b3 Rd2 32. Na4+ Bxa4 33. bxa4 c5 34. Kg3 c4 35. Kf3 Kc5 36. g4 Kd4 37. h4 c3 38. Rb1 c2 39. Rc1 Kd3 40. f5 Rd1 41. Rxc2 Kxc2 42. Kf4 Kb3 43. Ke5 Kxa4 44. f6 Re1+ 45. Kf5 Rf1+ 46. Kg5 Rxf6 47. h5 Kb4 48. h6 Rxh6 49. Kf5 a4 50. g5 Rg6 51. Kf4 {White resigns} 0-1

[Event "FICS rated blitz game"]
[Site "FICS freechess.org"]
[FICSGamesDBGameNo "20002393"]
[White "minorlexicon"]
[Black "cppe"]
[WhiteElo "1559"]
[BlackElo "1509"]
[WhiteRD "na"]
[BlackRD "na"]
[TimeControl "120+12"]
[Date "1999.10.07"]
[Time "21:33:00"]
[WhiteClock "0:02:00.000"]
[BlackClock "0:02:00.000"]
[ECO "A17"]
[PlyCount "57"]
[Result "1-0"]

1. c4 Nf6 2. Nc3 e6 3. g3 c5 4. Bg2 d5 5. Nf3 d4 6. Nb1 Nc6 7. d3 e5 8. O-O Be6 9. Nbd2 Qd7 10. Re1 Bh3 11. Bh1 h5 12. Ng5 h4 13. Nxh3 Qxh3 14. Bg2 Qf5 15. Nf3 hxg3 16. hxg3 O-O-O 17. e4 Qh5 18. Bg5 Be7 19. Qa4 Kb8 20. a3 Rh7 21. b4 Rdh8 22. Kf1 Ng4 23. Bxe7 Nxe7 24. bxc5 Qg6 25. Rab1 Nh2+ 26. Nxh2 Rxh2 27. Qd7 Rh1+ 28. Bxh1 Rxh1+ 29. Kg2 {Black resigns} 1-0

[Event "FICS rated blitz game"]
[Site "FICS freechess.org"]
[FICSGamesDBGameNo "20002391"]
[White "franky"]
[Black "vessoj"]
[WhiteElo "1800"]
[BlackElo "1857"]
[WhiteRD "na"]
[BlackRD "na"]
[TimeControl "180+0"]
[Date "1999.10.07"]
[Time "19:18:00"]
[WhiteClock "0:03:00.000"]
[BlackClock "0:03:00.000"]
[ECO "C62"]
[PlyCount "102"]
[Result "0-1"]

1. e4 e5 2. Nf3 d6 3. d4 exd4 4. Qxd4 Nc6 5. Bb5 Bd7 6. Bxc6 bxc6 7. c4 Nf6 8. Nc3 Be7 9. O-O O-O 10. h3 h6 11. Rd1 c5 12. Qd3 Nh7 13. e5 Kh8 14. Bf4 Bc6 15. Nd5 dxe5 16. Nxe5 Bxd5 17. cxd5 Bd6 18. Nc6 Qf6 19. Bxd6 cxd6 20. Qc3 Rfe8 21. Re1 Qf5 22. g4 Qxd5 23. Ne7 Qg5 24. Nf5 Qf6 25. Qf3 Ng5 26. Qg2 Qxb2 27. Nxd6 Rxe1+ 28. Rxe1 Rg8 29. h4 Ne6 30. Nxf7+ Kh7 31. Qe4+ g6 32. Qxe6 Qg7 33. h5 gxh5 34. Qf5+ Qg6 35. Qxg6+ Rxg6 36. Ne5 Rg5 37. f3 hxg4 38. fxg4 h5 39. Re4 hxg4 40. Nxg4 a5 41. Kf2 Kg6 42. Kf3 Rf5+ 43. Rf4 Rd5 44. Rc4 Kg5 45. Ne3 Re5 46. Kf2 Kf6 47. a4 Rf5+ 48. Ke2 Re5 49. Kd3 Re6 50. Rf4+ Ke7 51. Re4 Kd7 {White forfeits on time} 0-1

[Event "FICS rated blitz game"]
[Site "FICS freechess.org"]
[FICSGamesDBGameNo "20002389"]
[White "paokara"]
[Black "stagolee"]
[WhiteElo "1417"]
[BlackElo "1511"]
[WhiteRD "na"]
[BlackRD "na"]
[TimeControl "300+0"]
[Date "1999.10.07"]
[Time "18:18:00"]
[WhiteClock "0:05:00.000"]
[BlackClock "0:05:00.000"]
[ECO "D52"]
[PlyCount "79"]
[Result "1-0"]

1. d4 d5 2. c4 e6 3. Nf3 Nf6 4. Nc3 c6 5. Bg5 Nbd7 6. e3 Qa5 7. Qc2 Ne4 8. Bd3 Nxg5 9. Nxg5 dxc4 10. Bxc4 Qxg5 11. O-O Nb6 12. f4 Qh6 13. Bd3 Nd5 14. a3 Nxe3 15. Qe2 Nxf1 16. Rxf1 Bd6 17. g3 O-O 18. Ne4 Bc7 19. Ng5 g6 20. Ne4 Kg7 21. Qc2 b6 22. b4 Bb7 23. Qc3 a5 24. d5+ f6 25. dxc6 Ba6 26. b5 Bc8 27. a4 e5 28. h4 exf4 29. Bc4 Be5 30. Qf3 fxg3 31. Kg2 Qxh4 32. Rh1 Bh3+ 33. Rxh3 Qf4 34. Qxf4 Bxf4 35. Nxg3 Rfd8 36. Ne2 Rd2 37. Rc3 Re8 38. Kf3 Bg5 39. c7 Rc8 40. Be6 {Black resigns} 1-0

[Event "FICS rated blitz game"]
[Site "FICS freechess.org"]
[FICSGamesDBGameNo "20002387"]
[White "provost"]
[Black "botijuanan"]
[WhiteElo "1239"]
[BlackElo "1601"]
[WhiteRD "na"]
[BlackRD "na"]
[TimeControl "120+12"]
[Date "1999.10.07"]
[Time "17:52:00"]
[WhiteClock "0:02:00.000"]
[BlackClock "0:02:00.000"]
[ECO "B20"]
[PlyCount "123"]
[Result "1-0"]

1. e4 c5 2. Bc4 e6 3. Nf3 a6 4. a3 b5 5. Ba2 Qc7 6. d3 Nf6 7. O-O d6 8. b4 Be7 9. Bb2 O-O 10. bxc5 Qxc5 11. Bd4 Qc7 12. e5 Ng4 13. exd6 Bxd6 14. h3 Ne5 15. Nbd2 Ng6 16. c3 Bxa3 17. Bxe6 Bxe6 18. Rxa3 Nc6 19. Bc5 Rfd8 20. Bb4 Rxd3 21. Qe2 Nxb4 22. Qe4 Nc2 23. Qxa8+ Bc8 24. Rxa6 Qb7 25. Qxb7 Bxb7 26. Rb6 Bxf3 27. Nxf3 Rxc3 28. Rb8+ Nf8 29. Rxb5 g6 30. Rb7 Kg7 31. Rc1 Rc4 32. Rb2 Na3 33. Rxc4 Nxc4 34. Rc2 Nd6 35. Rd2 Ne4 36. Re2 Nc5 37. Re7 Nfe6 38. Ne5 Nd8 39. Rc7 Nce6 40. Ra7 Kf6 41. Ng4+ Kg7 42. Re7 h5 43. Ne3 Kf8 44. Ra7 Nc6 45. Ra8+ Kg7 46. Nd5 Ned4 47. Rc8 Ne5 48. Ne7 Kf6 49. Ng8+ Kg7 50. Ne7 Kf6 51. Rc7 Ne6 52. Ra7 Nd4 53. Nd5+ Kg7 54. f4 Nd3 55. Nb6 Ne2+ 56. Kh2 Nexf4 57. Nc4 Ne5 58. Nxe5 Ne6 59. Nxf7 Kf6 60. Nh8 Nd4 61. Ra6+ Kg7 62. Nxg6 {Black resigns} 1-0

[Event "FICS rated blitz game"]
[Site "FICS freechess.org"]
[FICSGamesDBGameNo "20002386"]
[White "Stravinsky"]
[Black "petzi"]
[WhiteElo "1985"]
[BlackElo "2062"]
[WhiteRD "na"]
[BlackRD "na"]
[TimeControl "180+0"]
[Date "1999.10.07"]
[Time "17:50:00"]
[WhiteClock "0:03:00.000"]
[BlackClock "0:03:00.000"]
[ECO "A76"]
[PlyCount "60"]
[Result "0-1"]

1. d4 Nf6 2. Nf3 c5 3. d5 e6 4. c4 exd5 5. cxd5 d6 6. Nc3 g6 7. e4 Bg7 8. Be2 O-O 9. O-O Re8 10. Qc2 a6 11. a3 b5 12. Bg5 h6 13. Bd2 Ra7 14. Rfe1 Rae7 15. Bd3 Bg4 16. b4 c4 17. Bf1 Nbd7 18. Bc1 Bxf3 19. gxf3 Ne5 20. Bg2 Nd3 21. Rd1 Nh5 22. Rxd3 cxd3 23. Qxd3 Rc7 24. Bd2 Be5 25. Rd1 Nf4 26. Bxf4 Bxf4 27. Ne2 Qg5 28. Nxf4 Qxf4 29. Qd4 Rc1 30. Kf1 Rec8 {White resigns} 0-1

[Event "FICS rated blitz game"]
[Site "FICS freechess.org"]
[FICSGamesDBGameNo "20002385"]
[White "fuchur"]
[Black "Itai"]
[WhiteElo "1413"]
[BlackElo "1069"]
[WhiteRD "na"]
[BlackRD "na"]
[TimeControl "120+12"]
[Date "1999.10.07"]
[Time "16:22:00"]
[WhiteClock "0:02:00.000"]
[BlackClock "0:02:00.000"]
[ECO "C34"]
[PlyCount "49"]
[Result "1-0"]

1. e4 e5 2. f4 exf4 3. Nf3 Nf6 4. Bc4 Qe7 5. O-O Qc5+ 6. d4 Qxc4 7. Bxf4 d6 8. e5 dxe5 9. dxe5 Nh5 10. Bg5 Bc5+ 11. Kh1 O-O 12. Nc3 h6 13. Bxh6 gxh6 14. Nd2 Qh4 15. Nce4 Be3 16. Nf6+ Nxf6 17. exf6 Bxd2 18. Qxd2 Nd7 19. Rf4 Qh5 20. Qf2 Kh7 21. Rh4 Qe5 22. Re1 Qxb2 23. Qf5+ Kh8 24. Rxh6+ Kg8 25. Qh7# {Black checkmated} 1-0